 Dungeon Crawl Stone Soup version 0.27.1-2-g3b301248ec (webtiles) character file.

Game seed: 3751461753453160837

4447 MisterFreud the Skirmisher (level 8, -6/67 (68) HPs)
             Began as a Gnoll Wanderer on Sept 25, 2021.
             Was a High Priest of Ru.
             Mangled by a yak (12 damage)
             ... on level 8 of the Dungeon.
             The game lasted 00:23:13 (12790 turns).

MisterFreud the Skirmisher (Gnoll Wanderer)        Turns: 12790, Time: 00:23:14

HP:   -6/67 (68)    AC: 15    Str:  9    XL:     8   Next: 37%
MP:   15/15         EV:  5    Int: 20    God:    Ru [*****.]
Gold: 320           SH:  0    Dex:  9    Spells: 16/16 levels left

rFire    + . .     SeeInvis .   u - +1 rapier (speed)
rCold    . . .     Faith    .   (no shield)
rNeg     . . .     Spirit   .   n - +0 chain mail
rPois    +         Reflect  .   (no helmet)
rElec    .         Harm     .   a - +2 cloak
rCorr    +         Rampage  .   (no gloves)
Will     +....                  p - +1 pair of boots
Stlth    ..........             A - amulet of magic regeneration
HPRegen  0.21/turn              f - ring "Ycsaeril" {rPois rF+ Will+ Int+5 Dex-5}
MPRegen  0.39/turn              z - ring of resist corrosion

@: lightly drained
A: fangs 1, hated by all, unskilled 1, inexperienced 1, strong nose, distributed
training
a: Renounce Religion, Draw Out Power, Power Leap, Apocalypse


You were on level 8 of the Dungeon.
You worshipped Ru.
Ru was extremely pleased with you.
You visited 1 branch of the dungeon, and saw 9 of its levels.

You collected 320 gold pieces.

Inventory:

Hand Weapons
 m - a +0 mace
 u - a +1 rapier of speed (weapon)
Missiles
 k - 11 boomerangs
 l - 2 curare-tipped darts
 v - 37 poisoned darts
 w - 2 throwing nets (quivered)
 x - 41 sling bullets
 y - 76 stones
 C - 5 atropa-tipped darts
Armour
 a - a +2 cloak (worn)
 d - a +0 leather armour
 n - a +0 chain mail (worn)
 p - a +1 pair of boots (worn)
Jewellery
 f - the ring "Ycsaeril" (left hand) {rPois rF+ Will+ Int+5 Dex-5}
   (You acquired it on level 2 of the Dungeon)

   [ring of willpower]

   Int:       It affects your intelligence (+5).
   Dex:       It affects your dexterity (-5).
   rF:        It protects you from fire.
   rPois:     It protects you from poison.
   Will:      It increases your willpower.
 z - a ring of resist corrosion (right hand)
 A - an amulet of magic regeneration (around neck)
Wands
 b - a wand of iceblast (3)
 g - a wand of digging (1)
 o - a wand of flame (20)
Scrolls
 e - a scroll of enchant weapon {unknown}
 s - 5 scrolls of teleportation
 B - 2 scrolls of magic mapping
 E - a scroll of immolation {unknown}
Potions
 c - 2 potions of curing
 h - 2 potions of heal wounds
 i - 4 potions of magic
 j - 2 potions of lignification
 q - 2 potions of attraction
 r - 4 potions of berserk rage {unknown}
 t - a potion of brilliance
 D - 2 potions of resistance


   Skills:
 + Level 7.7 Fighting
 + Level 4.7 Short Blades
 + Level 4.7 Long Blades
 + Level 4.7 Axes
 + Level 5.3 Maces & Flails
 + Level 4.7 Polearms
 + Level 4.7 Staves
 + Level 4.7 Slings
 + Level 4.7 Bows
 + Level 4.7 Crossbows
 + Level 4.7 Throwing
 + Level 6.4 Armour
 + Level 6.4 Dodging
 + Level 4.7 Stealth
 + Level 5.3 Shields
 + Level 4.7 Unarmed Combat
 + Level 4.7 Spellcasting
 + Level 3.9 Conjurations
 + Level 3.9 Hexes
   Level 3.4 Summonings
 + Level 3.9 Necromancy
 + Level 3.9 Translocations
 + Level 3.9 Transmutations
 + Level 3.9 Fire Magic
 + Level 3.9 Ice Magic
 + Level 3.9 Air Magic
 + Level 3.9 Earth Magic
 + Level 3.9 Poison Magic
 + Level 5.2 Invocations
 + Level 5.3 Evocations


You had 16 spell levels left.
You didn't know any spells.
Your spell library contained the following spells:

 Spells                   Type           Power      Damage    Failure   Level
 Beastly Appendage        Tmut           40%        N/A       83%         1
 Wereblood                Tmut           20%        N/A       93%         2
 Spider Form              Tmut/Pois      10%        N/A       99%         3


Dungeon Overview and Level Annotations

Branches:
Dungeon (9/15)             Temple (0/1) D:6
   Lair: D:8-11         Orc: D:9-12

Altars:
Ashenzari
Dithmenos
Elyvilon
Hepliaklqana
Kikubaaqudgha
Qazlal
Ru
Sif Muna
Trog
Wu Jian
Yredelemnul

Shops:
D:4 [=[!

Annotations:
D:8 Maurice


Innate Abilities, Weirdness & Mutations

You have very sharp teeth.
You are hated by all.
You are somewhat unskilled. (-1 Apt)
You are somewhat inexperienced. (-2 XL)
Your uncanny sense of smell can sniff out nearby items.
Your experience applies equally to all skills.


Message History

You hit the yak.
The yak is severely wounded.
You closely miss the yak.
The yak is severely wounded.
The yak gores you but does no damage.
You hit the yak but do no damage.
The yak is severely wounded.
Your chain mail prevents you from hitting the yak.
The yak is severely wounded.
The yak gores you but does no damage.
You hit the yak but do no damage.
The yak is severely wounded.
The yak barely misses you.
You hit the yak but do no damage.
The yak is severely wounded.
Your chain mail prevents you from hitting the yak.
The yak is severely wounded.
The yak gores you but does no damage.
You barely miss the yak.
The yak is severely wounded.
The yak is stunned by your conviction and fails to attack.
You barely miss the yak.
The yak is severely wounded.
You hit the yak.
The yak is severely wounded.
The yak gores you but does no damage.
You closely miss the yak.
The yak is severely wounded.
The yak completely misses you.
You hit the yak.
The yak is severely wounded.
Your chain mail prevents you from hitting the yak.
The yak is severely wounded.
The yak gores you.
* * * LOW HITPOINT WARNING * * *
You focus your inner power and illuminate the yak in retribution!
You hit the yak but do no damage.
The yak is severely wounded.
The yak gores you!
You die...

## ############## ..
#............#
..##.#####......#
.....#####......#
............#####
+#.#........######
.#.#.#.####.##...#####
................@....###
.#<#.######....#.Y......
.###.###########.###.##.
..............)......#
##################.#.#
..........'.#.#
......)...#.#.#
###########.†##.#.# ∆
......# #...#..#.#


You could see a yak (corona).

Vanquished Creatures
  A manticore (D:6)
  A hornet (D:8)
  6 yaks (D:9)
  An ice beast (D:6)
  2 orc warriors
  A black bear (D:8)
  2 necrophages (D:5)
  3 centaurs (D:9)
  2 kobold brigands (D:7)
  A wyvern zombie (D:5)
  A wyvern skeleton (D:7)
  3 water moccasin zombies
  2 water moccasin skeletons
  11 killer bees
  2 wights (D:5)
  5 howler monkeys
  2 centaur zombies
  A human zombie (D:5)
  3 jellies
  3 orc priests
  A hound (D:4)
  2 bullfrog skeletons
  A centaur skeleton (D:6)
  Ijyb (D:3)
  4 orc wizards
  Natasha (thrice) (D:2)
  2 iguanas (D:6)
  2 killer bee zombies
  A hound zombie (D:5)
  2 hound skeletons (D:5)
  A mummy (D:5)
  2 howler monkey zombies (D:6)
  4 gnolls (D:5)
  8 adders
  2 white imps
  An adder zombie (D:5)
  3 worms
  2 dart slugs
  34 orcs
  4 ball pythons
  7 bats
  4 endoplasms
  5 giant cockroaches
  12 goblins
  10 hobgoblins
  6 jackals
  4 quokkas
  2 frilled lizards
  15 kobolds
  18 rats
216 creatures vanquished.

Vanquished Creatures (others)
  An orc warrior (D:6)
  A bullfrog zombie (D:5)
  An adder (D:5)
  An orc (D:7)
  A kobold (D:7)
  12 fungi (D:8)
  28 plants (D:8)
  4 toadstools (D:1)
49 creatures vanquished.

Grand Total: 265 creatures vanquished

Notes
Turn   | Place    | Note
-------+----------+-------------------------------------------
     0 | D:1      | MisterFreud the Gnoll Wanderer began the quest for the Orb.
     0 | D:1      | MisterFreud set off with the following items: a +0 mace, 2
                  | throwing nets, a potion of curing, a +0 leather armour
     0 | D:1      | Reached XP level 1. HP: 23/23 MP: 1/1
    84 | D:1      | Reached XP level 2. HP: 29/29 MP: 2/2
   280 | D:1      | Reached XP level 3. HP: 31/35 MP: 3/3
   747 | D:1      | Reached skill level 1 in Invocations
   944 | D:2      | Found a white marble altar of Elyvilon.
  1225 | D:2      | Reached skill level 1 in Short Blades
  1225 | D:2      | Reached skill level 1 in Long Blades
  1225 | D:2      | Reached skill level 1 in Axes
  1225 | D:2      | Reached skill level 1 in Polearms
  1225 | D:2      | Reached skill level 1 in Staves
  1225 | D:2      | Reached skill level 1 in Slings
  1225 | D:2      | Reached skill level 1 in Bows
  1225 | D:2      | Reached skill level 1 in Crossbows
  1225 | D:2      | Reached skill level 1 in Throwing
  1225 | D:2      | Reached skill level 1 in Stealth
  1225 | D:2      | Reached skill level 1 in Unarmed Combat
  1225 | D:2      | Reached skill level 1 in Spellcasting
  1230 | D:2      | HP: 1/35 [endoplasm (2)]
  1547 | D:2      | Found a faded altar of an unknown god.
  1580 | D:2      | Became a worshipper of Ru the Awakened
  1596 | D:2      | Gained mutation: You are somewhat unskilled. (-1 Apt) [Ru
                  | sacrifice]
  1596 | D:2      | Reached * piety under Ru
  1639 | D:2      | Reached XP level 4. HP: 37/40 MP: 5/5
  1680 | D:2      | Reached skill level 1 in Short Blades
  1680 | D:2      | Reached skill level 1 in Long Blades
  1680 | D:2      | Reached skill level 1 in Axes
  1680 | D:2      | Reached skill level 1 in Polearms
  1680 | D:2      | Reached skill level 1 in Staves
  1680 | D:2      | Reached skill level 1 in Slings
  1680 | D:2      | Reached skill level 1 in Bows
  1680 | D:2      | Reached skill level 1 in Crossbows
  1680 | D:2      | Reached skill level 1 in Throwing
  1680 | D:2      | Reached skill level 1 in Stealth
  1680 | D:2      | Reached skill level 1 in Unarmed Combat
  1680 | D:2      | Reached skill level 1 in Spellcasting
  1733 | D:2      | Noticed Natasha
  1760 | D:2      | Killed Natasha
  1780 | D:2      | Noticed Natasha
  1794 | D:2      | Killed Natasha
  2112 | D:2      | Reached XP level 5. HP: 46/46 MP: 6/6
  2118 | D:2      | Noticed Natasha
  2135 | D:2      | Killed Natasha
  2136 | D:2      | Reached skill level 1 in Conjurations
  2136 | D:2      | Reached skill level 1 in Hexes
  2136 | D:2      | Reached skill level 1 in Summonings
  2136 | D:2      | Reached skill level 1 in Necromancy
  2136 | D:2      | Reached skill level 1 in Translocations
  2136 | D:2      | Reached skill level 1 in Transmutations
  2136 | D:2      | Reached skill level 1 in Fire Magic
  2136 | D:2      | Reached skill level 1 in Ice Magic
  2136 | D:2      | Reached skill level 1 in Air Magic
  2136 | D:2      | Reached skill level 1 in Earth Magic
  2136 | D:2      | Reached skill level 1 in Poison Magic
  2985 | D:2      | Identified a scroll of acquirement
  2985 | D:2      | Acquired the ring "Ycsaeril" {rPois rF+ Will+ Int+5 Dex-5}
  3299 | D:3      | Noticed Ijyb
  3342 | D:3      | Killed Ijyb
  3909 | D:3      | Noticed a moth of wrath
  3917 | D:3      | Found a bloodstained altar of Trog.
  4106 | D:3      | Reached XP level 6. HP: 45/52 MP: 8/8
  4397 | D:4      | Found Jeir's Antique Armour Shoppe.
  5379 | D:4      | Found Tole's Armour Shoppe.
  5485 | D:4      | Found Buatux's Jewellery Boutique.
  5967 | D:4      | Found Nerusa's Distillery.
  6085 | D:5      | Entered Level 5 of the Dungeon
  6187 | D:5      | Gained mutation: You are hated by all. [Ru sacrifice]
  6187 | D:5      | Reached ** piety under Ru
  6187 | D:5      | Reached *** piety under Ru
  6253 | D:5      | Identified the +5 hunting sling "Xoraum" {vorpal, Fragile
                  | Fly Str+3 Dex+4}
  6348 | D:3      | Reached XP level 7. HP: 59/59 MP: 10/10
  6697 | D:5      | Reached skill level 1 in Summonings
  6710 | D:5      | Found an ancient bone altar of Kikubaaqudgha.
  6732 | D:5      | Reached skill level 5 in Armour
  6732 | D:5      | Reached skill level 5 in Dodging
  6732 | D:5      | Reached XP level 8. HP: 65/65 MP: 11/11
  7015 | D:5      | HP: 3/65 [orc priest/divine providence (15)]
  7445 | D:5      | Found a broken altar of Ashenzari.
  7445 | D:5      | Found an ornate altar of the Wu Jian Council.
  7992 | D:6      | Found a stormy altar of Qazlal.
  8155 | D:6      | Noticed a manticore
  8175 | D:6      | Killed a manticore
  8176 | D:6      | Reached skill level 7 in Fighting
  8176 | D:6      | Reached XP level 9. HP: 5/72 MP: 12/14
  8526 | D:6      | Found a staircase to the Ecumenical Temple.
  9579 | D:7      | Found a sacrificial altar of Ru.
  9816 | D:6      | HP: 1/72 [killer bee (3)]
 10280 | D:7      | Found a shadowy altar of Dithmenos.
 10288 | D:7      | Gained mutation: You are somewhat inexperienced. (-2 XL)
                  | [Ru sacrifice]
 10288 | D:7      | Reached XP level 8. HP: 67/67 MP: 13/13
 10288 | D:7      | Reached XP level 7. HP: 60/60 MP: 12/12
 10288 | D:7      | Reached **** piety under Ru
 10288 | D:7      | Reached ***** piety under Ru
 10915 | D:8      | Noticed Maurice
 11112 | D:8      | Noticed a hornet
 11121 | D:8      | Paralysed by a hornet for 1 turns
 11142 | D:8      | Killed a hornet
 11794 | D:9      | Found a shimmering blue altar of Sif Muna.
 11869 | D:9      | Reached skill level 5 in Maces & Flails
 11869 | D:9      | Reached skill level 5 in Shields
 11869 | D:9      | Reached skill level 5 in Evocations
 11883 | D:9      | Reached XP level 8. HP: 28/67 MP: 14/14
 12266 | D:9      | Reached skill level 5 in Invocations
 12790 | D:8      | Mangled by a yak

Illustrated notes

Levels and vault maps discovered:
D:1:      ldierk_water_garden, layout_rooms, st_stairs_10,
          minmay_misc_feat_square, minmay_misc_feat_hallway
D:2:      layout_basic, basic_altar, shapermc_ecumenical_altar_starsandcircs,
          uniq_natasha
D:3:      layout_rooms, tgw_trog, uniq_ijyb
D:4:      layout_loops_ring, portal_sewer_entry_d, serial_shops,
          nicolae_shop_window_shopping, nicolae_shop_crystal,
          nicolae_shop_trees, shop, minmay_misc_feat_columns
D:5:      layout_rooms, lemuel_mausoleum_altar_kikubaaqudgha,
          gammafunk_temple_overflow_pools
D:6:      layout_rooms, grunt_qazlal_clouds, minmay_temple_entry_junction,
          hangedman_abyss_or_decor_jellyfish_corner,
          minmay_misc_feat_secret_circle, kennysheep_generic_room_11
D:7:      layout_basic, riverfiend_overflow_shadow_ancestor,
          nicolae_ru_path_of_blood
D:8:      minmay_quarter_circles, layout_basic, lemuel_round_altar,
          grunt_gozag_breadcrumbs, mainiacjoe_overflow_cross_hatched,
          grunt_lair_entry_orc_guard_hut, uniq_psyche, uniq_maurice
D:9:      layout_roguey, mainiacjoe_overflow_swirl

Skill      XL: |  1  2  3  4  5  6  7  8  9 |
---------------+----------------------------+-----
Invocations    | 1 2 5 4 |  5.2
Short Blades   | 0 1 2 4 3 |  4.7
Long Blades    | 0 1 2 4 3 |  4.7
Axes           | 0 1 2 4 3 |  4.7
Polearms       | 0 1 2 4 3 |  4.7
Staves         | 0 1 2 4 3 |  4.7
Slings         | 0 1 2 4 3 |  4.7
Bows           | 0 1 2 4 3 |  4.7
Crossbows      | 0 1 2 4 3 |  4.7
Throwing       | 0 1 2 4 3 |  4.7
Stealth        | 0 1 2 4 3 |  4.7
Unarmed Combat | 0 1 2 4 3 |  4.7
Spellcasting   | 0 1 2 4 3 |  4.7
Conjurations   | 1 2 3 |  3.9
Hexes          | 1 2 3 |  3.9
Summonings     | 1 0 3 2 |  3.4
Necromancy     | 1 2 3 |  3.9
Translocations | 1 2 3 |  3.9
Transmutations | 1 2 3 |  3.9
Fire Magic     | 1 2 3 |  3.9
Ice Magic      | 1 2 3 |  3.9
Air Magic      | 1 2 3 |  3.9
Earth Magic    | 1 2 3 |  3.9
Poison Magic   | 1 2 3 |  3.9
Maces & Flails | 3 5 4 |  5.3
Shields        | 3 5 4 |  5.3
Evocations     | 3 5 4 |  5.3
Armour         | 6 |  6.4
Dodging        | 6 |  6.4
Fighting       | 7 |  7.7

Action                   |  1- 3 |  4- 6 |  7- 9 || total
-------------------------+-------+-------+-------++-------
Melee: Mace              |   141 |   234 |       ||   375
       Bite              |    11 |    42 |    37 ||    90
       Punch             |     1 |     2 |     1 ||     4
       Dagger            |       |   285 |   218 ||   503
       Rapier            |       |       |   341 ||   341
       Unarmed           |       |       |    11 ||    11
 Fire: Hunting sling     |       |     1 |   258 ||   259
Invok: Sacrifice Skill   |     1 |       |       ||     1
       Sacrifice Love    |       |     1 |       ||     1
       Apocalypse        |       |       |     3 ||     3
       Power Leap        |       |       |     1 ||     1
       Sacrifice Experie |       |       |     1 ||     1
       Draw Out Power    |       |       |     3 ||     3
Evoke: Wand              |       |       |     4 ||     4
  Use: Potion            |       |     3 |     7 ||    10
       Scroll            |       |     9 |     5 ||    14
 Stab: Sleeping          |       |     3 |       ||     3
       Invisible         |       |       |    10 ||    10
Armor: Leather armour    |    40 |   120 |       ||   160
       Chain mail        |       |   103 |   402 ||   505
Dodge: Dodged            |   125 |   290 |   183 ||   598
